 Dungeon Crawl Stone Soup version 0.30.1-11-g7821555f0a (webtiles) character file.

Game seed: 6799203990249882433

13237 SacredBeard the Scholar of Death (level 11, -6/81 HPs)
             Began as a Demonspawn Necromancer on Nov 4, 2023.
             Was a Follower of Kikubaaqudgha.
             Mangled by an eight-headed hydra (13 damage)
             ... on level 13 of the Dungeon.
             The game lasted 00:48:39 (15414 turns).

SacredBeard the Scholar of Death (DsNe)            Turns: 15414, Time: 00:48:39

Health: -6/81      AC: 14    Str: 11    XL:     11   Next: 72%
Magic:  18/18      EV: 20    Int: 17    God:    Kikubaaqudgha [*.....]
Gold:   837        SH:  0    Dex: 13    Spells: 15/20 levels left

rFire   . . .        F - +3 dagger (speed)
rCold   . . .        (no shield)
rNeg    + + .        J - +1 scale mail of Pandemonium {rPois rN++ Str+3 Dex-5}
rPois   +            K - +2 helmet {SInv}
rElec   .            h - +0 cloak
rCorr   .            (no gloves)
SInv    +            e - +2 pair of boots
Will    .....        (no amulet) Stlth
                     Z - +5 ring of evasion
HPRegen 0.33/turn    T - +5 ring of evasion
MPRegen 0.16/turn

%: no passive effects
@: confused, ambrosia-drunk, corroded, studying Stealth
A: icy blue scales 1, ignite blood 1, spiny 1, corrupting presence 1, demonic
touch 2
a: Renounce Religion, Unearth Wretches


You were on level 13 of the Dungeon.
You worshipped Kikubaaqudgha.
Kikubaaqudgha was aware of your devotion.
You visited 2 branches of the dungeon, and saw 14 of its levels.
You also visited: Sewer and Gauntlet.

You collected 837 gold pieces.

Inventory:

Hand Weapons
 F - a +3 dagger of speed (weapon)
 I - a +0 dagger of electrocution
Missiles
 k - 42 poisoned darts
 B - 17 javelins
Armour
 e - a +2 pair of boots (worn)
 h - a +0 cloak (worn)
 o - the +2 leather armour of the Valley {Fly Str+2 SInv Stlth-}
   (You found it on level 2 of the Dungeon)

   Str:       It affects your strength (+2).
   SInv:      It lets you see invisible.
   Fly:       It grants you flight.
   Stlth:     It makes you less stealthy.
 J - the +1 scale mail of Pandemonium (worn) {rPois rN++ Str+3 Dex-5}
   (You found it on level 9 of the Dungeon)

   Str:       It affects your strength (+3).
   Dex:       It affects your dexterity (-5).
   rPois:     It protects you from poison.
   rN:        It greatly protects you from negative energy.
 K - a +2 helmet of see invisible (worn)
Jewellery
 H - a ring of ice
 T - a +5 ring of evasion (right hand)
 Z - a +5 ring of evasion (left hand)
Wands
 m - a wand of digging (4)
 C - a wand of flame (14)
 E - a wand of iceblast (7)
 M - a wand of quicksilver (8)
 X - a wand of paralysis (5)
Scrolls
 a - a scroll of blinking {unknown}
 d - a scroll of amnesia {unknown}
 i - 2 scrolls of acquirement
 l - 3 scrolls of teleportation
 n - 3 scrolls of immolation
 p - 2 scrolls of poison
 s - a scroll of noise
 u - 4 scrolls of vulnerability
 v - 4 scrolls of fear
 y - 4 scrolls of enchant armour
 L - a scroll of fog
 N - a scroll of enchant weapon
 W - a scroll of identify
Potions
 b - a potion of magic
 c - 7 potions of curing
 f - 3 potions of ambrosia
 g - 3 potions of haste {unknown}
 j - 3 potions of heal wounds
 q - 2 potions of brilliance {unknown}
 r - 5 potions of cancellation
 t - 3 potions of invisibility {unknown}
 w - 3 potions of might {unknown}
 x - a potion of degeneration {unknown}
 z - a potion of lignification {unknown}
 O - a potion of experience {unknown}
 Q - a potion of resistance {unknown}
 Y - a potion of mutation {unknown}


   Skills:
 - Level 6.0 Fighting
 + Level 1.9 Short Blades
 - Level 5.0 Throwing
 - Level 5.0 Armour
 - Level 5.0 Dodging
 + Level 6.9 Stealth
 - Level 5.0 Spellcasting
 + Level 16.8 Necromancy
 - Level 6.0 Evocations


You had 15 spell levels left.
You knew the following spells:

 Your Spells              Type           Power      Damage    Failure   Level
a - Necrotise             Necr           100%       1d9       1%          1
b - Animate Dead          Necr           57%        N/A       1%          4

Your spell library contained the following spells:

 Spells                   Type           Power      Damage    Failure   Level
 Sublimation of Blood     Necr           57%        N/A       1%          2
 Vampiric Draining        Necr           57%        2d10      1%          3
 Agony                    Necr           57%        N/A       1%          5
 Kiss of Death            Conj/Necr      100%       2d13      2%          1
 Beastly Appendage        Tmut           8%         N/A       58%         1
 Wereblood                Tmut           4%         N/A       73%         2
 Spider Form              Tmut/Pois      4%         N/A       91%         3
 Chain Lightning          Conj/Air       2%         3d2       100%        9
 Fire Storm               Conj/Fire      2%         8d1       100%        9
 Shatter                  Erth           2%         3d6*      100%        9


Dungeon Overview and Level Annotations

Branches:
Dungeon (13/15) Zot: 26710  Temple (1/1) D:7 Zot: 5959    Lair (0/5) D:10
    Orc (0/2) D:11          Sewer (visited)         Gauntlet (visited)
 Vaults: D:13-14

Altars:
Ashenzari
Cheibriados
Dithmenos
Fedhas
Gozag
Hepliaklqana
Kikubaaqudgha
Makhleb
Nemelex Xobeh
Okawaru
Qazlal
Ru
Sif Muna
Trog
Uskayaw
Vehumet
Wu Jian
Xom
Yredelemnul
Jiyva

Shops:
D:2 [

Annotations:
D:6 3 runed translucent doors, vvlvvlvvl's ghost, novice DsVM
D:10 1 runed translucent door, ripuliukko's ghost, journeyman GrEE


Innate Abilities, Weirdness & Mutations

You are partially covered in icy blue scales. (AC +2)
Your demonic aura sometimes causes spilled blood to erupt in flames.
You are partially covered in sharp spines.
Your presence sometimes corrodes those you injure.
Your touch may inflict irresistible damage on your foes.


Message History

You feel much better.
The eight-headed hydra is struck by your spines.
The eight-headed hydra barely misses you.
The eight-headed hydra closely misses you.
The eight-headed hydra completely misses you.
The eight-headed hydra bites you but does no damage.
The eight-headed hydra closely misses you.
The eight-headed hydra bites you but does no damage.
The eight-headed hydra bites you.
The eight-headed hydra closely misses you.
You are confused.
You feel invigorated.
The eight-headed hydra closely misses you.
The eight-headed hydra bites you!
The eight-headed hydra closely misses you.
The eight-headed hydra bites you!
* * * LOW HITPOINT WARNING * * *
The eight-headed hydra closely misses you. x2
The eight-headed hydra bites you but does no damage. x2
You closely miss the eight-headed hydra.
The eight-headed hydra is heavily wounded.
The eight-headed hydra closely misses you.
The eight-headed hydra misses you. x2
The eight-headed hydra bites you but does no damage.
The eight-headed hydra closely misses you.
The eight-headed hydra completely misses you.
The eight-headed hydra misses you.
The eight-headed hydra bites you but does no damage.
The eight-headed hydra attacks as you move away!
The eight-headed hydra closely misses you.
The eight-headed hydra bites you.
* * * LOW HITPOINT WARNING * * *
The eight-headed hydra bites you!
* * * LOW HITPOINT WARNING * * *
The eight-headed hydra closely misses you. x2
The eight-headed hydra misses you.
The eight-headed hydra completely misses you.
The eight-headed hydra bites you!
You die...
Kikubaaqudgha rasps: "You have failed me!
Welcome... death!"

######.# #.#
#.# #..
#......# #.#
#.# #..
#.###..# #.####
#. #.. #..#
#.##.. ..
##.###.###
#.##.# .. ..
.....5...W#
#..#.# #<# #.
..~....##†#
##.#.# #.# #
~...#.#
#W####>#.# #.#
# ~~. #.
#5D@...#.# #.#
# ~~ #.
######.#.## #.#
# ~ #
#....#####.####
#.#............
#.#.....##.##.#
#.#####.##.....
#.. #.####.##
### #.# #.# #.#
#.#


You could see an eight-headed hydra, a shadow (invisible) and a white imp.

Vanquished Creatures
  A minotaur (Gauntlet)
  A great orb of eyes (Gauntlet)
  A boulder beetle (D:13)
  A two-headed ogre (D:12)
  4 ugly things
  A hellion (Gauntlet)
  An unseen horror (D:11)
  4 trolls
  A hornet (D:8)
  6 slime creatures
  2 shadows
  A wyvern (D:10)
  Eustachio (D:5)
  2 vampires (D:12)
  A steam dragon (D:7)
  4 vampire mosquitoes (D:12)
  4 acid dragons
  A water moccasin (D:5)
  Duvessa (D:5)
  2 ice beasts
  5 orc warriors
  An ogre (D:6)
  A wolf (D:13)
  8 centaurs
  A phantom (D:4)
  A kobold brigand (D:9)
  7 bullfrogs
  2 gnoll sergeants
  4 scorpions
  5 wights (D:10)
  Dowan (D:5)
  5 howler monkeys
  6 jellies
  Crazy Yiuf (D:5)
  8 orc priests
  4 hounds
  7 iguanas
  Jessica (D:2)
  A sleepcap (D:7)
  8 orc wizards
  Natasha (twice) (D:3)
  6 adders
  10 river rats (Sewer)
  18 gnolls
  A shadow imp (D:8)
  3 white imps (D:8)
  3 dart slugs
  28 orcs
  9 bats
  12 endoplasms
  5 giant cockroaches
  9 goblins
  9 hobgoblins
  4 jackals (D:3)
  16 kobolds
  2 quokkas (D:4)
  14 ball pythons
  3 frilled lizards
  31 rats
302 creatures vanquished.

Vanquished Creatures (collateral kills)
  A howler monkey (D:11)
  2 gnolls
  A river rat (Sewer)
  A white imp (D:5)
  A dart slug (D:1)
  2 orcs (D:11)
  A ball python (Sewer)
  A frilled lizard (D:1)
  3 rats (Sewer)
13 creatures vanquished.

Vanquished Creatures (others)
  An orc (D:7)
  3 orc zombies (D:12)
4 creatures vanquished.

Grand Total: 319 creatures vanquished

Notes
Turn   | Place    | Note
-------+----------+-------------------------------------------
     0 | D:1      | SacredBeard the Demonspawn Necromancer began the quest for
                  | the Orb.
     0 | D:1      | Reached XP level 1. HP: 13/13 MP: 3/3
   114 | D:1      | Gained mutation: Your touch may inflict minor irresistible
                  | damage on your foes. [demonic ancestry]
   114 | D:1      | Reached XP level 2. HP: 18/20 MP: 1/5
   387 | D:1      | Gained mutation: Your demonic aura sometimes causes spilled
                  | blood to erupt in flames. [demonic ancestry]
   387 | D:1      | Reached XP level 3. HP: 25/25 MP: 3/6
   712 | D:1      | Reached skill level 5 in Necromancy
  1429 | D:2      | Noticed Jessica
  1433 | D:2      | Reached skill level 1 in Fighting
  1439 | D:2      | Killed Jessica
  1440 | D:2      | Reached skill level 1 in Armour
  1440 | D:2      | Reached XP level 4. HP: 22/32 MP: 1/7
  1520 | D:2      | Identified the +2 leather armour of the Valley {Fly Str+2
                  | SInv Stlth-}
  1822 | D:2      | Found Yseatu's Antique Armour Emporium.
  2445 | D:3      | Noticed Natasha
  2450 | D:3      | Killed Natasha
  2451 | D:3      | Gained mutation: Your touch may inflict irresistible damage
                  | on your foes. [demonic ancestry]
  2451 | D:3      | Reached XP level 5. HP: 37/37 MP: 6/8
  2553 | D:3      | Noticed Natasha
  2559 | D:3      | Killed Natasha
  2867 | D:3      | Found a sacrificial altar of Ru.
  3367 | D:4      | Noticed a phantom
  3373 | D:4      | Reached skill level 1 in Throwing
  3377 | D:4      | Killed a phantom
  3378 | D:4      | Gained mutation: You are partially covered in sharp spines.
                  | [demonic ancestry]
  3378 | D:4      | Reached XP level 6. HP: 38/44 MP: 5/10
  3472 | D:4      | Found a glowing drain.
  3479 | Sewer    | Entered a sewer
  4149 | Sewer    | Reached skill level 6 in Necromancy
  4294 | Sewer    | Reached XP level 7. HP: 31/51 MP: 5/11
  4538 | D:4      | Found the Hermit's Pendant {Faith Invo=14 Evo=0 MP+5}
  5093 | D:4      | Found a radiant altar of Vehumet.
  5193 | D:4      | Found a shimmering altar of Xom.
  5397 | D:5      | Entered Level 5 of the Dungeon
  5408 | D:5      | Reached skill level 1 in Evocations
  5792 | D:5      | Reached XP level 8. HP: 30/58 MP: 4/13
  5798 | D:5      | Reached skill level 7 in Necromancy
  5817 | D:5      | Noticed Eustachio
  5820 | D:5      | Identified 2 scrolls of acquirement
  5840 | D:5      | Killed Eustachio
  5849 | D:5      | Noticed Duvessa
  5860 | D:5      | Killed Duvessa
  5864 | D:5      | Noticed Dowan
  5868 | D:5      | Killed Dowan
  6850 | D:5      | Found a runed translucent door.
  6850 | D:5      | Noticed Crazy Yiuf
  6856 | D:5      | Killed Crazy Yiuf
  7173 | D:6      | Gained mutation: You are partially covered in icy blue
                  | scales. (AC +2) [demonic ancestry]
  7173 | D:6      | Reached XP level 9. HP: 65/65 MP: 12/15
  7318 | D:6      | Found a shadowy altar of Dithmenos.
  7560 | D:6      | Found a runed translucent gate.
  7560 | D:6      | Found a runed translucent gate.
  7560 | D:6      | Found a runed translucent gate.
  7591 | D:6      | Noticed vvlvvlvvl's ghost (novice DsVM)
  8409 | D:7      | Reached skill level 5 in Stealth
  8415 | D:7      | Learned a level 4 spell: Animate Dead
  8535 | D:7      | Found a shadowy altar of Dithmenos.
  8666 | D:7      | Found a staircase to the Ecumenical Temple.
  8715 | D:7      | Found a blossoming altar of Fedhas.
  8751 | Temple   | Entered the Ecumenical Temple
  8829 | D:7      | Found a shimmering blue altar of Sif Muna.
  9259 | D:7      | Reached skill level 5 in Fighting
  9259 | D:7      | Reached skill level 5 in Dodging
  9259 | D:7      | Reached skill level 5 in Spellcasting
 10215 | D:9      | Noticed a troll
 10215 | D:9      | Found an ornate altar of the Wu Jian Council.
 10223 | D:9      | Killed a troll
 10224 | D:9      | Gained mutation: Your presence sometimes corrodes those you
                  | injure. [demonic ancestry]
 10224 | D:9      | Reached XP level 10. HP: 48/74 MP: 13/17
 10794 | D:9      | Identified the +1 scale mail of Pandemonium {rPois rN++
                  | Str+3 Dex-5}
 10967 | D:9      | Found a hazy altar of Hepliaklqana.
 11041 | D:9      | Found a basalt altar of Yredelemnul.
 11098 | D:9      | Found an ancient bone altar of Kikubaaqudgha.
 11275 | D:9      | Found a burning altar of Makhleb.
 11365 | D:9      | Found a snail-covered altar of Cheibriados.
 11503 | D:9      | Became a worshipper of Kikubaaqudgha
 11559 | D:10     | Entered Level 10 of the Dungeon
 11582 | D:10     | Found a staircase to the Lair.
 11609 | D:10     | Reached skill level 5 in Armour
 11809 | D:10     | Reached skill level 5 in Throwing
 11864 | D:10     | Reached skill level 5 in Evocations
 12061 | D:10     | Reached skill level 8 in Necromancy
 12238 | D:10     | Found a runed translucent door.
 12241 | D:10     | Noticed ripuliukko's ghost (journeyman GrEE)
 12397 | D:10     | Reached skill level 9 in Necromancy
 12732 | D:10     | Reached skill level 10 in Necromancy
 12843 | D:11     | Found a gate leading to a gauntlet.
 12856 | Gauntlet | Entered a Gauntlet
 12856 | Gauntlet | Found a transporter.
 12865 | Gauntlet | Found a transporter.
 12867 | Gauntlet | Noticed a death drake
 12882 | Gauntlet | Found a transporter.
 12886 | Gauntlet | Found a transporter.
 12907 | Gauntlet | Found a transporter.
 12907 | Gauntlet | Noticed an obsidian statue
 12919 | Gauntlet | Noticed a molten gargoyle
 12920 | Gauntlet | Found a transporter.
 12921 | Gauntlet | Noticed a catoblepas
 12922 | Gauntlet | Noticed a gargoyle
 12930 | Gauntlet | Noticed a great orb of eyes
 12934 | Gauntlet | Found a transporter.
 12937 | Gauntlet | Noticed a green ugly thing
 12963 | Gauntlet | Found a transporter.
 12963 | Gauntlet | Found a transporter.
 12968 | Gauntlet | Found a transporter.
 13000 | Gauntlet | Noticed a molten gargoyle
 13001 | Gauntlet | Found a transporter.
 13001 | Gauntlet | Found a transporter.
 13012 | Gauntlet | Noticed a gargoyle
 13162 | Gauntlet | Reached skill level 11 in Necromancy
 13400 | Gauntlet | Killed a great orb of eyes
 13401 | Gauntlet | Reached skill level 12 in Necromancy
 13401 | Gauntlet | Reached XP level 11. HP: 67/81 MP: 16/18
 13405 | Gauntlet | Identified the +2 helmet of Wunliosk {rElec Dex-5 SInv}
 13410 | Gauntlet | Identified the ring "Icsem" {rF+ Will+ Int+5}
 13439 | Gauntlet | Killed a green ugly thing
 13732 | Gauntlet | Noticed a minotaur
 13754 | Gauntlet | Killed a minotaur
 13755 | Gauntlet | Reached skill level 13 in Necromancy
 13960 | D:11     | Found a staircase to the Orcish Mines.
 13961 | D:11     | Reached * piety under Kikubaaqudgha
 13961 | D:11     | Received a gift from Kikubaaqudgha
 14348 | D:11     | Noticed a skeletal warrior
 14349 | D:11     | Noticed a boulder beetle
 14392 | D:12     | Noticed a green ugly thing
 14422 | D:12     | Reached skill level 14 in Necromancy
 14696 | D:12     | Reached skill level 15 in Necromancy
 14736 | D:12     | Noticed a brown ugly thing
 14751 | D:12     | Killed a brown ugly thing
 14814 | D:12     | Noticed a two-headed ogre
 14822 | D:11     | Killed a green ugly thing
 14978 | D:12     | Reached skill level 16 in Necromancy
 14991 | D:12     | Killed a two-headed ogre
 15117 | D:13     | Found a viscous altar of Jiyva.
 15268 | D:13     | Noticed a boulder beetle
 15285 | D:13     | Killed a boulder beetle
 15286 | D:13     | Reached skill level 1 in Short Blades
 15397 | D:13     | Noticed an eight-headed hydra
 15397 | D:13     | Noticed a brown ugly thing
 15407 | D:13     | Killed a brown ugly thing
 15414 | D:13     | Mangled by an eight-headed hydra

Illustrated notes

Levels and vault maps discovered:
D:1:      sevenhm_arrival_forest_fort_large_2, layout_basic,
          grunt_decor_one_mirror, dk_noncrumbling_2
D:2:      layout_basic, serial_shops, shop, interstate_on_off, uniq_jessica
D:3:      layout_loops_corners, nicolae_ru_awakened_eye, minmay_crystal_water,
          uniq_natasha
D:4:      layout_loops_corners, brannock_xom_greatest_gift, vehumet_crystals,
          gup_sewer_entry_bubbles, serial_glass, glass_columns_a,
          glass_columns_a, minmay_misc_feat_square
D:5:      layout_basic, uniq_eustachio, uniq_crazy_yiuf_cottage, uniq_duvessa
D:6:      layout_loops_corners, amcnicky_altar_gilded,
          nicolae_overflow_crystal_walls, lemuel_round_altar,
          gammafunk_ghost_icy
D:7:      layout_basic, nicolae_overflow_hidden_temple,
          minmay_temple_entry_stoned_glass, hangedman_feature_mirror,
          serial_bayou_pond_d, minmay_manual_mullet
D:8:      layout_loops_ring
D:9:      layout_small_grid, kennysheep_slug_shrine,
          worldfamousw_hep_ancestral_shrine, lightli_temple_of_fire,
          kiku_gazebo_garden_becter, mainiacjoe_overflow_catwalk_spiral
D:10:     layout_roguey, lair_entry_dummy, ebering_ghost_reflecting_pool
D:11:     layout_cave_pools, david_orc_3, gauntlet_entry_generic,
          lightli_corner_chamber
D:12:     layout_rooms
D:13:     layout_loops_ring, david_vaults_5, serial_ice, serial_ice_b,
          serial_ice_i, serial_ice_f, serial_ice_n, serial_ice_a, serial_ice_m,
          portal_ice_cave_demonic_guard, jiyva_altar_1
Temple:   nicolae_temple_cloud_nine

Skill      XL: |  1  2  3  4  5  6  7  8  9 10 11 |
---------------+----------------------------------+-----
Stealth        | 2 3 4 5 6 |  6.9
Dodging        | 2 3 4 5 |  5.0
Necromancy     | 5 6 7 12 16 | 16.8
Fighting       | 1 2 3 4 5 6 |  6.0
Armour         | 1 2 3 4 5 |  5.0
Throwing       | 1 2 3 4 5 |  5.0
Spellcasting   | 3 4 5 |  5.0
Evocations     | 1 2 4 6 |  6.0
Short Blades   | 1 |  1.9

Action                     |  1- 3 |  4- 6 |  7- 9 | 10-12 || total
---------------------------+-------+-------+-------+-------++-------
  Melee: Unarmed           |    13 |       |       |       ||    13
         Dagger            |    18 |       |       |   168 ||   186
         Touch             |     4 |    11 |    25 |    68 ||   108
         Mace              |     2 |     2 |       |       ||     4
         Whip              |       |    29 |     3 |       ||    32
         Punch             |       |     1 |       |     4 ||     5
         Short sword       |       |       |   101 |   110 ||   211
   Cast: Necrotise         |    54 |   146 |   217 |    89 ||   506
         Animate Dead      |       |       |       |     2 ||     2
    Use: Scroll            |       |       |    14 |     2 ||    16
         Potion            |       |       |       |     5 ||     5
   Stab: Sleeping          |       |       |     2 |     1 ||     3
 Armour: Robe              |     5 |       |       |       ||     5
         Leather armour    |       |    27 |    76 |    51 ||   154
         Scale mail        |       |       |       |    64 ||    64
  Dodge: Dodged            |    24 |    43 |   129 |   181 ||   377
